 Dungeon Crawl Stone Soup version 0.23.2-1-ga50397a6bc (webtiles) character file.

Game seed: 11575579697390662271

3813 Jukra the Basher (level 9, -19/121 HPs)
             Began as a Minotaur Berserker on May 19, 2019.
             Was a High Priest of Trog.
             Demolished by Harold
             ... wielding a +1 glaive of protection
              (34 damage)
             ... on level 8 of the Dungeon.
             The game lasted 00:30:19 (5759 turns).

Jukra the Basher (Minotaur Berserker)               Turns: 5759, Time: 00:30:19

Health: -19/121    AC: 20    Str: 29    XL:     9   Next: 97%
Magic:  17/17      EV: 14    Int:  4    God:    Trog [*****.]
Gold:   578        SH:  0    Dex: 11    Spells: 8/8 levels left

rFire    + . .     SeeInvis .   u - +2 mace (protect)
rCold    + . .     Gourm    .   (no shield)
rNeg     + . .     Faith    .   F - +3 ring mail {rN+}
rPois    .         Spirit   .   (helmet restricted)
rElec    .         Reflect  .   a - scarf {rC+ rF+}
rCorr    .         Harm     .   (no gloves)
MR       .....                  o - +2 pair of boots
Stlth    ..........             (no amulet)
HPRegen  0.30/turn              k - ring of magical power
MPRegen  0.15/turn              (no ring)

@: berserking, protection aura, very quick
A: retaliatory headbutt, horns 2
a: Berserk, Trog's Hand, Brothers in Arms, Renounce Religion


You were on level 8 of the Dungeon.
You worshipped Trog.
Trog was extremely pleased with you.
You were near starving.

You visited 1 branch of the dungeon, and saw 8 of its levels.
You also visited: Ossuary.

You collected 578 gold pieces.

Inventory:

Hand Weapons
 b - a +2 vampiric short sword
 m - a +0 hunting sling of freezing
 u - a +2 mace of protection (weapon)
Armour
 a - a scarf of resistance (worn)
 o - a +2 pair of boots (worn)
 v - a +0 cloak
 A - a +0 scale mail
 F - a +3 ring mail of positive energy (worn)
Jewellery
 k - a ring of magical power (left hand)
 K - an uncursed ring of ice {unknown}
Wands
 h - a wand of acid (6)
 y - a wand of digging (7)
 D - a wand of paralysis (15)
 H - a wand of iceblast (6)
Scrolls
 f - 12 scrolls of identify
 g - 2 scrolls of amnesia {unknown}
 i - a scroll of noise {unknown}
 j - a scroll of blinking {unknown}
 l - 9 scrolls of teleportation {unknown}
 p - 2 scrolls of magic mapping {unknown}
 q - 2 scrolls of enchant armour {unknown}
 x - 2 scrolls of immolation {unknown}
 z - a scroll of enchant weapon {unknown}
 B - a scroll of silence {unknown}
 E - a scroll of fear {unknown}
 I - a scroll of fog
 J - 2 scrolls of summoning {unknown}
Potions
 d - a potion of resistance
 e - 3 potions of curing {unknown}
 n - 2 potions of flight {unknown}
 r - 3 potions of ambrosia {unknown}
 s - 4 potions of heal wounds {unknown}
 t - a potion of haste {unknown}
 w - 3 potions of degeneration {unknown}
 C - a potion of cancellation {unknown}
Comestibles
 c - 12 rations


   Skills:
 + Level 8.3 Fighting
 + Level 11.9 Maces & Flails
 + Level 7.5 Armour
 + Level 6.5 Dodging
 + Level 1.9 Stealth


You had 8 spell levels left.
You didn't know any spells.
Your spell library contained the following spells:

 Spells                   Type           Power        Failure   Level  Hunger
 Magic Dart               Conj           #...         61%         1    ##.....
 Summon Small Mammal      Summ           #...         61%         1    ##.....
 Blink                    Tloc           N/A          75%         2    ###....
 Call Imp                 Summ           #.......     75%         2    ###....
 Slow                     Hex            #.......     75%         2    ###....
 Call Canine Familiar     Summ           #.......     93%         3    ####...
 Conjure Flame            Conj/Fire      #.......     93%         3    ####...
 Mephitic Cloud           Conj/Pois/Air  #.......     93%         3    ####...
 Summon Guardian Golem    Hex/Summ       #.......     93%         3    ####...
 Summon Ice Beast         Ice/Summ       #.......     100%        4    #####..
 Summon Lightning Spire   Summ/Air       #.......     100%        4    #####..


Dungeon Overview and Level Annotations

Branches:
Dungeon (8/15)             Temple (0/1) D:5
   Lair: D:8-11

Altars:
Ashenzari
Elyvilon
Fedhas
Hepliaklqana
Makhleb
Qazlal
Ru
Trog
Uskayaw
Vehumet
Yredelemnul
Zin

Shops:
D:4 :

Annotations:
D:8 Harold


Innate Abilities, Weirdness & Mutations

You reflexively headbutt those who attack you in melee.
You have a pair of horns on your head.


Message History

The jelly hits you but does no damage.
Harold hits you with a +1 glaive of protection!
* * * LOW HITPOINT WARNING * * *
A red film seems to cover your vision as you go berserk!
You feel yourself moving faster!
You feel mighty!
You are near starving!
The crimson imp blinks!
The jelly hits you.
* * * LOW HITPOINT WARNING * * *
You are splashed with acid!
* * * LOW HITPOINT WARNING * * *
You sock Harold!
Harold is moderately wounded.
Harold barely misses you.
You hit Harold but do no damage.
Harold is moderately wounded.
The jelly hits you but does no damage.
You barely miss Harold. Your headbutt misses Harold.
Harold is moderately wounded.
Harold hits you with a +1 glaive of protection!!
You die...

.... .... .... .... ....
#.... ######## ####
#....####..##..#########
...........+..........+.
...........#..........#.
......§J..(#....).....#.
.....5@@.......####...##
....###############...##
. #........ #........
#........ #..#.####
####.#3## ###### #1#_..


You could see Harold, a jelly and a crimson imp.

Vanquished Creatures
  Joseph (D:8)
  Grinder (D:3)
  3 hippogriffs (D:8)
  An orc warrior (D:6)
  4 ice beasts
  A necrophage (D:7)
  A black bear (D:6)
  3 ogres
  A centaur (D:7)
  2 big kobolds (D:7)
  2 bullfrogs (D:6)
  A water moccasin zombie (D:6)
  3 howler monkeys
  A quasit (D:7)
  5 crimson imps
  2 bullfrog zombies
  An orc priest (D:6)
  A hound (D:4)
  3 jellies
  3 bullfrog skeletons
  A human zombie (Ossuary)
  9 orc wizards
  Jessica (D:2)
  4 worker ants
  3 iguanas
  A killer bee zombie (D:7)
  2 big kobold zombies (Ossuary)
  5 mummies
  A worker ant zombie (D:5)
  9 adders
  A shadow imp (D:5)
  2 oozes (D:1)
  An adder zombie (Ossuary)
  4 worms
  3 dart slugs
  5 leopard geckos
  27 orcs
  A ball python (D:6)
  3 giant cockroaches
  7 hobgoblins
  15 jackals
  5 quokkas
  10 bats
  3 frilled lizards
  5 goblins
  A goblin zombie (D:8)
  2 hobgoblin zombies (Ossuary)
  A jackal zombie (Ossuary)
  15 kobolds
  2 kobold zombies (Ossuary)
  3 orc zombies
  8 rats
  A rat zombie (Ossuary)
201 creatures vanquished.

Notes
Turn   | Place    | Note
-------+----------+-------------------------------------------
     0 | D:1      | Jukra the Minotaur Berserker began the quest for the Orb.
     0 | D:1      | Reached XP level 1. HP: 19/19 MP: 0/0
   105 | D:1      | Reached XP level 2. HP: 27/27 MP: 1/1
   107 | D:1      | Reached skill level 4 in Maces & Flails
   302 | D:1      | Reached XP level 3. HP: 33/33 MP: 2/2
   349 | D:1      | Reached ** piety under Trog
   801 | D:2      | Found a basalt altar of Yredelemnul.
   806 | D:2      | Reached XP level 4. HP: 28/41 MP: 3/3
  1094 | D:2      | Noticed Jessica
  1100 | D:2      | Killed Jessica
  1100 | D:2      | Reached skill level 5 in Maces & Flails
  1785 | D:3      | Found a glowing silver altar of Zin.
  1797 | D:3      | Reached XP level 5. HP: 37/47 MP: 4/4
  1983 | D:3      | Found a hide-covered altar of Uskayaw.
  2039 | D:3      | Noticed Grinder
  2047 | D:3      | Paralysed by Grinder for 7 turns
  2056 | D:3      | Killed Grinder
  2056 | D:3      | Reached skill level 5 in Fighting
  2056 | D:3      | Reached skill level 6 in Maces & Flails
  2056 | D:3      | Reached XP level 6. HP: 32/56 MP: 5/5
  2685 | D:4      | Found Uphiul's Book Boutique.
  2801 | D:4      | Reached skill level 5 in Armour
  2825 | D:4      | Found a hazy altar of Hepliaklqana.
  2826 | D:4      | Found a stormy altar of Qazlal.
  2870 | D:4      | Reached XP level 7. HP: 59/61 MP: 6/6
  2947 | D:4      | Reached skill level 1 in Stealth
  3060 | D:5      | Entered Level 5 of the Dungeon
  3060 | D:5      | Found a staircase to the Ecumenical Temple.
  3084 | D:5      | Reached *** piety under Trog
  3162 | D:5      | Reached skill level 7 in Maces & Flails
  3215 | D:5      | Found a sacrificial altar of Ru.
  3218 | D:5      | Found a bloodstained altar of Trog.
  3524 | D:5      | Found a radiant altar of Vehumet.
  3642 | D:5      | Found a blossoming altar of Fedhas.
  3942 | D:6      | Reached skill level 8 in Maces & Flails
  3942 | D:6      | Reached XP level 8. HP: 70/70 MP: 7/7
  4063 | D:6      | Reached skill level 9 in Maces & Flails
  4297 | D:6      | Reached **** piety under Trog
  4360 | D:6      | Reached skill level 5 in Dodging
  4462 | D:6      | Reached skill level 10 in Maces & Flails
  4553 | D:7      | Reached XP level 9. HP: 72/79 MP: 8/8
  4659 | D:7      | Found a shattered altar of Ashenzari.
  4907 | D:7      | Found a white marble altar of Elyvilon.
  5162 | D:8      | Reached skill level 11 in Maces & Flails
  5220 | D:8      | Found a burning altar of Makhleb.
  5310 | D:8      | Noticed Joseph
  5328 | D:8      | Killed Joseph
  5426 | D:8      | Found a sand-covered staircase.
  5435 | Ossuary  | Entered an ossuary
  5447 | Ossuary  | Reached ***** piety under Trog
  5652 | D:8      | Noticed an Executioner
  5738 | D:8      | Noticed Harold
  5759 | D:8      | Demolished by Harold

Skill      XL: |  1  2  3  4  5  6  7  8  9 |
---------------+----------------------------+-----
Fighting       | 4 5 6 7 8 |  8.3
Maces & Flails | 4 5 6 8 10 11 | 11.9
Armour         | 3 4 5 6 7 |  7.5
Dodging        | 3 4 5 6 |  6.5
Stealth        | 1 |  1.9

Action                   |  1- 3 |  4- 6 |  7- 9 || total
-------------------------+-------+-------+-------++-------
Melee: Mace              |    79 |   113 |   390 ||   582
       Headbutt          |    11 |    17 |    82 ||   110
Invok: Berserk           |       |     1 |     4 ||     5
       Trog's Hand       |       |       |     2 ||     2
  Use: Scroll            |       |       |     3 ||     3
  Eat: Chunk             |       |     6 |    10 ||    16
       Ration            |       |       |     1 ||     1
Armor: Ring mail         |    25 |    35 |    78 ||   138
       Scale mail        |       |       |   114 ||   114
Dodge: Dodged            |    57 |    65 |   266 ||   388
